 Dungeon Crawl Stone Soup version 0.30-a0-1160-g6e42c06551 (webtiles) character file.

Game seed: 7972149790293558839

119 jasper the Chiller (level 4, 0/36 HPs)
             Began as a Demigod Wanderer on Apr 25, 2023.
             Slain by a gnoll
             ... wielding a +0 spear
              (4 damage)
             ... on level 4 of the Dungeon.
             The game lasted 00:03:41 (2452 turns).

jasper the Chiller (Demigod Wanderer)               Turns: 2452, Time: 00:03:41

Health: 0/36       AC:  5    Str: 13    XL:     4   Next: 46%
Magic:  15/24      EV: 12    Int: 15    God:
Gold:   133        SH:  0    Dex: 16    Spells: 7/8 levels left

rFire   . . .        l - staff of cold
rCold   + . .        (no shield)
rNeg    . . .        d - +0 leather armour
rPois   .            (no helmet)
rElec   .            (no cloak)
rCorr   .            u - +0 pair of gloves
SInv    .            b - +0 pair of boots
Will    .....        p
                       - Hermit's Pendant {Faith Invo=14 Evo=0 MP+5}
Stlth   +            q - ring of magical power
HPRegen 0.26/turn    (no ring)
MPRegen 0.19/turn

%: faith
@: no status effects
A: high MP 1, forlorn, divine attributes
a: no special abilities


You were on level 4 of the Dungeon.
You visited 1 branch of the dungeon, and saw 4 of its levels.

You collected 133 gold pieces.

Inventory:

Hand Weapons
 a - a +2 hand axe
Armour
 b - a +0 pair of boots (worn)
 d - a +0 leather armour (worn)
 u - a +0 pair of gloves (worn)
 v - a +0 buckler
Magical Staves
 l - a staff of cold (weapon)
Jewellery
 p - the Hermit's Pendant (around neck) {Faith Invo=14 Evo=0 MP+5}
   (You found it on level 3 of the Dungeon)

   [amulet of faith]

   Invo=14: It sets your Invocations skill to 14.
   Evo=0: It sets your Evocations skill to 0.
   It allows you to gain divine favour quickly.
   MP:        It affects your magic capacity (+5).
 q - a ring of magical power (left hand)
Scrolls
 c - 2 scrolls of enchant weapon {unknown}
 e - 2 scrolls of identify {unknown}
 f - 2 scrolls of silence {unknown}
 h - a scroll of amnesia {unknown}
 i - 2 scrolls of blinking {unknown}
 k - a scroll of enchant armour {unknown}
 m - a scroll of brand weapon {unknown}
 n - 2 scrolls of torment {unknown}
 o - a scroll of teleportation {unknown}
 r - 2 scrolls of immolation {unknown}
 w - a scroll of poison {unknown}
Potions
 g - a potion of brilliance {unknown}
 j - 3 potions of curing {unknown}
 s - a potion of might {unknown}
 t - a potion of lignification {unknown}


   Skills:
 - Level 1.7 Fighting
 - Level 2.6 Axes
 - Level 1.0 Armour
 - Level 1.7 Dodging
 + Level 2.7 Spellcasting
 + Level 3.0 Ice Magic


You had 7 spell levels left.
You knew the following spells:

 Your Spells              Type           Power      Damage    Failure   Level
a - Freeze                Ice            64%        1d7       8%          1

Your spell library contained the following spells:

 Spells                   Type           Power      Damage    Failure   Level
 Ozocubu's Armour         Ice            16%        N/A       22%         3
 Cigotuvi's Dreadful Rot  Necr/Pois/Air  4%         N/A       36%         2
 Gell's Gravitas          Tloc           2%         N/A       61%         3
 Ignite Poison            Fire/Tmut/Pois 2%         N/A       61%         3
 Teleport Other           Tloc           2%         N/A       61%         3
 Freezing Cloud           Conj/Ice/Air   3%         6-21      99%         5
 Dispersal                Tloc           1%         N/A       100%        6


Dungeon Overview and Level Annotations

Branches:
Dungeon (4/15)             Temple (0/1) D:4


Innate Abilities, Weirdness & Mutations

You have an increased reservoir of magic. (+10% MP)
You shall have no god before yourself.
Your divine heritage dramatically boosts your attributes as you level up.


Message History

The gnoll is moderately wounded.
The gnoll hits you with a +0 whip.
The gnoll hits you from afar with a +0 spear.
* * * LOW HITPOINT WARNING * * *
You take 9 damage, and have 7/36 hp.
MASSIVE DAMAGE!!
You now have 18/24 mp.
Aiming: Freeze (safe; 8% risk of failure)
Press: ? - help, Q - select action Shift-Dir - straight line, f/p - gnoll
Aim: a gnoll, wielding a +0 whip (moderately wounded)
You feel a surge of power!
You freeze the gnoll.
The gnoll is heavily wounded.
The gnoll barely misses you.
The gnoll hits you from afar with a +0 spear.
* * * LOW HITPOINT WARNING * * *
You take 2 damage, and have 5/36 hp.
You now have 17/24 mp.
Okay, then.
Okay, then.
Aiming: Freeze (safe; 8% risk of failure)
Press: ? - help, Q - select action Shift-Dir - straight line, f/p - gnoll
Aim: a gnoll, wielding a +0 whip (heavily wounded)
You feel a surge of power!
You freeze the gnoll!
You kill the gnoll!
The gnoll throws a throwing net.
The throwing net closely misses you.
Your Ice Magic skill increases to level 3!
The gnoll closely misses you.
Items here: ))) †.
Aiming: Freeze (safe; 8% risk of failure)
Press: ? - help, Q - select action Shift-Dir - straight line, f - gnoll
Aim: a gnoll, wielding a +0 spear You feel a surge of power!
You freeze the gnoll.
The gnoll is moderately wounded.
The gnoll hits you with a +0 spear.
* * * LOW HITPOINT WARNING * * *
You take 2 damage, and have 3/36 hp.
You now have 16/24 mp.
Aiming: Freeze (safe; 8% risk of failure)
Press: ? - help, Q - select action Shift-Dir - straight line, f/p - gnoll
Aim: a gnoll, wielding a +0 spear (moderately wounded)
You feel a surge of power!
You freeze the gnoll.
The gnoll is moderately wounded.
The gnoll hits you with a +0 spear.
You die...

##.......## #
#.........####.
+.........+...
#.........##..
#.......# #.#
#.....# #g#
##...### #@# #
#......# #.# .#
#.#.##.#
#.##.###.# #
#<##.# #....^...#
#.#.##.###(.#...##
#.......###'###.#
#......##.....# #
#....#..#.⌠.⌠.#
#...##..'..>..+


You could see a gnoll.

Vanquished Creatures
  An adder (D:2)
  4 gnolls
  3 dart slugs
  11 endoplasms
  A giant cockroach (D:1)
  6 goblins
  7 hobgoblins
  4 quokkas
  5 ball pythons
  4 bats
  2 frilled lizards (D:1)
  6 kobolds
  8 rats
62 creatures vanquished.

Vanquished Creatures (others)
  7 plants (D:2)
7 creatures vanquished.

Grand Total: 69 creatures vanquished

Notes
Turn   | Place    | Note
-------+----------+-------------------------------------------
     0 | D:1      | jasper the Demigod Wanderer began the quest for the Orb.
     0 | D:1      | jasper set off with the following items: a +2 hand axe, a
                  | +0 pair of boots, a potion of berserk rage, a +0 leather
                  | armour; and the following spell memorised: Freeze; and the
                  | following spells available to memorise: Ozocubu's Armour.
     0 | D:1      | Reached XP level 1. HP: 17/17 MP: 4/4
   130 | D:1      | Reached XP level 2. HP: 24/24 MP: 4/6
   366 | D:1      | Reached skill level 2 in Ice Magic
   613 | D:1      | Reached XP level 3. HP: 29/29 MP: 5/8
  1657 | D:3      | Found the Hermit's Pendant {Faith Invo=14 Evo=0 MP+5}
  1957 | D:3      | Reached XP level 4. HP: 36/36 MP: 10/10
  2413 | D:4      | Found a staircase to the Ecumenical Temple.
  2450 | D:4      | Reached skill level 3 in Ice Magic
  2452 | D:4      | Slain by a gnoll

Illustrated notes

Levels and vault maps discovered:
D:1:      eino_arrival_water_star, layout_rooms
D:2:      layout_basic, serial_bayou, serial_bayou_pond_b, serial_bayou_shore_a,
          serial_bayou_lake_a, serial_bayou_shore_b, serial_bayou_ford_a,
          minmay_misc_feat_square, minmay_misc_feat_four_crosses
D:3:      layout_loops_ring
D:4:      layout_loops_corners, minmay_temple_entry_hall, minivault_24,
          minmay_divided_ellipse, uniq_natasha

Skill      XL: |  1  2  3  4 |
---------------+-------------+-----
Ice Magic      | 2 3 |  3.0
Spellcasting   | 2 |  2.7
Fighting       | |  1.7
Axes           | |  2.6
Armour         | |  1.0
Dodging        | |  1.7

Action                     |  1- 3 |  4- 6 || total
---------------------------+-------+-------++-------
  Melee: Hand axe          |    27 |       ||    27
         Punch             |     1 |       ||     1
         Staff             |     3 |     2 ||     5
   Cast: Freeze            |    83 |    23 ||   106
    Use: Potion            |     1 |       ||     1
 Armour: Leather armour    |    23 |     1 ||    24
  Dodge: Dodged            |    69 |    12 ||    81

Table legend: (Time is in decaauts)
 A = Elapsed time spent in this place.
 B = Non-inter-level travel time spent in this place.
 C = Inter-level travel time spent in this place.
 D = Time resting spent in this place.
 E = Time spent auto-exploring this place.
 F = Levels seen in this place.
 G = Mean time per level.
                   A        B        C        D        E       F      G
               +--------+--------+--------+--------+--------+-----+--------+
         Total |   2486 |   2445 |     41 |     54 |   1939 |   4 |  621.5 |
       Dungeon |   2486 |   2445 |     41 |     54 |   1939 |   4 |  621.5 |
               +--------+--------+--------+--------+--------+-----+--------+

Top non-repeatable levels by time:
     D:1: 918 daAuts
     D:3: 780 daAuts
     D:2: 736 daAuts
     D:4: 51 daAuts
